 Dungeon Crawl Stone Soup version 0.22-a0-877-g5c4e1af (webtiles) character file.

6353 KristoblXynda the Basher (level 10, -7/136 HPs)
             Began as a Naga Gladiator on July 29, 2018.
             Was a Priest of Qazlal.
             Mangled by a yak (10 damage)
             ... on level 9 of the Dungeon.
             The game lasted 00:22:52 (10201 turns).

KristoblXynda the Basher (Naga Gladiator)          Turns: 10201, Time: 00:22:52

Health: -7/136     AC: 27    Str: 18    XL:     10   Next: 96%
Magic:  15/15      EV:  1    Int: 11    God:    Qazlal [***...]
Gold:   399        SH:  4    Dex: 12    Spells: 9/9 levels left

rFire    + . .     SeeInvis +   i - +4 whip (distort)
rCold    . . .     Gourm    .   (no shield)
rNeg     + + +     Faith    .   (armour currently unavailable)
rPois    +         Spirit   .   (helmet currently unavailable)
rElec    .         Reflect  .   (cloak currently unavailable)
rCorr    .         Harm     .   (gloves currently unavailable)
MR       +....     NoTele   +   (no barding)
Stlth    ++........             (no amulet)
HPRegen  0.32/turn              v - ring of protection from fire
MPRegen  0.14/turn              p - +2 ring of protection

@: tree-form
A: large, see invisible, slow metabolism 1, spit poison 1, AC +3
a: Spit Poison, Upheaval, Elemental Force, Renounce Religion


You were on level 9 of the Dungeon.
You worshipped Qazlal.
Qazlal was most pleased with you.
You were not hungry.
You were a tree.
You visited 2 branches of the dungeon, and saw 10 of its levels.

You collected 477 gold pieces.
You spent 78 gold pieces at shops.

Inventory:

Hand Weapons
 i - a +4 whip of distortion (weapon)
 y - a +2 morningstar of freezing
Missiles
 d - 7 throwing nets (quivered)
Armour
 c - a +1 helmet (melded)
 h - a +0 ring mail of fire resistance (melded)
Jewellery
 b - a +3 ring of intelligence
 p - a +2 ring of protection (right branch)
 v - a ring of protection from fire (left branch)
Wands
 e - a wand of scattershot (5)
 z - a wand of acid (11)
Scrolls
 j - 2 scrolls of immolation
 k - 2 scrolls of teleportation
 m - 2 scrolls of amnesia
 n - 3 scrolls of remove curse
 r - 2 scrolls of identify
 u - a scroll of enchant armour
 x - a scroll of silence {unknown}
 B - a scroll of fear
Potions
 a - 3 potions of haste
 g - a potion of flight
 l - a potion of cancellation
 o - 2 potions of ambrosia
 q - a potion of agility
 s - a potion of brilliance
 t - 2 potions of magic {unknown}
Comestibles
 f - 18 rations
 A - 2 chunks of flesh


   Skills:
 - Level 6.0 Fighting
 + Level 8.7 Maces & Flails
 - Level 2.3 Throwing
 + Level 6.4 Armour
 - Level 5.0 Dodging
 - Level 3.1 Stealth
 + Level 7.8 Invocations
 + Level 3.5 Evocations


You had 9 spell levels left.
You didn't know any spells.
Your spell library contained the following spells:

 Spells                   Type           Power        Failure   Level  Hunger
 Magic Dart               Conj           #...         34%         1    ##.....
 Conjure Flame            Conj/Fire      #.......     71%         3    ####...
 Slow                     Hex            #.......     47%         2    ###....
 Mephitic Cloud           Conj/Pois/Air  #.......     71%         3    ####...
 Blink                    Tloc           N/A          47%         2    ###....
 Call Imp                 Summ           #.......     47%         2    ###....


Dungeon Overview and Level Annotations

Branches:
Dungeon (9/15)             Temple (1/1) D:4             Orc (0/2) D:9
   Lair: D:8-11

Altars:
Ashenzari
Cheibriados
Dithmenos
Elyvilon
Fedhas
Gozag
Hepliaklqana
Kikubaaqudgha
Makhleb
Nemelex Xobeh
Okawaru
Qazlal
Ru
Sif Muna
Trog
Uskayaw
Vehumet
Wu Jian
Xom
Yredelemnul
Zin
The Shining One

Shops:
D:7 *

Annotations:
D:5 1 runed door


Innate Abilities, Weirdness & Mutations

You cannot wear boots.
((Your serpentine skin is tough. (AC +3)))
You have supernaturally acute eyesight. (SInv)
((Armour fits poorly on your strangely shaped body.))
((Your system is resistant to poisons. (rPois)))
((You cover ground very slowly.))
You have a slow metabolism.
You can spit poison.


Message History

Qazlal accepts your kill.
The big kobold hits you but does no damage.
The yak gores you but does no damage.
You barely miss the yak. The big kobold hits you.
* * * LOW HITPOINT WARNING * * *
You hit the yak.
Space bends around the yak.
The yak is lightly wounded.
The yak gores you but does no damage.
You whack the yak!
Space bends around the yak.
The yak is heavily wounded.
The big kobold hits you but does no damage.
The yak gores you!
* * * LOW HITPOINT WARNING * * *
You hit the big kobold.
The big kobold is lightly wounded.
The big kobold hits you but does no damage.
You hit the yak.
Space bends around the yak.
The yak is severely wounded.
The yak gores you!
You die...

...............#....'.....
...............#....#.....
........)......#....#.###.
.......).......#....#.# #.
...............#....#.# #.
.................#....#.#
#.
.........#)#######...#..
.. #...##...#(# #... .. ..
####...##...#♣# ..
..[.........#KY..>..# ...
............#Y#.....#
............#.#8...8#
............#.#######
.........).).........
..........)..........
..###########'#...## .
#...........# ###


You could see 2 yaks and a big kobold.

Vanquished Creatures
  Sigmund (D:6)
  3 hogs (D:7)
  2 yaks (D:9)
  A human (D:7)
  A soldier ant (D:5)
  Duvessa (D:6)
  7 orc warriors
  A sky beast (D:9)
  2 phantoms
  7 ogres
  4 centaurs
  3 big kobolds
  2 bullfrogs
  Dowan (D:6)
  3 scorpions
  A killer bee (D:5)
  3 wights (D:7)
  A howler monkey (D:7)
  A crimson imp (D:3)
  3 hounds
  2 quasits (D:8)
  A bullfrog skeleton (D:5)
  4 gnoll shamans
  4 orc priests
  3 jellies
  A centaur skeleton (D:7)
  2 iguanas
  11 orc wizards
  8 worker ants
  A killer bee zombie (D:6)
  A worker ant zombie (D:9)
  16 gnolls
  7 adders
  A shadow imp (D:6)
  An ooze (D:4)
  An adder skeleton (D:7)
  A worm (D:2)
  5 dart slugs
  A leopard gecko (D:6)
  40 orcs
  5 giant cockroaches
  2 goblins
  11 hobgoblins
  10 jackals
  8 kobolds
  3 quokkas
  2 ball pythons
  4 bats
  5 frilled lizards
  14 rats
  3 fungi (D:8)
  3 plants (D:8)
229 creatures vanquished.

Vanquished Creatures (others)
  A troll (D:9)
  A yak (D:7)
  A wyvern (D:8)
  An orc warrior (D:9)
  A phantom (D:9)
  A black bear (D:7)
  An ogre (D:9)
  A centaur (D:6)
  A bullfrog (D:6)
  A wyvern zombie (D:7)
  2 wights (D:7)
  A hound (D:9)
  2 orc priests
  A gnoll shaman (D:8)
  A centaur skeleton (D:4)
  An orc wizard (D:6)
  3 worker ants
  A worker ant zombie (D:7)
  A gnoll (D:8)
  An adder (D:6)
  2 orcs
  A goblin (D:3)
  2 jackals
  3 fungi (D:8)
  5 plants (D:8)
37 creatures vanquished.

Grand Total: 266 creatures vanquished

Notes
Turn   | Place    | Note
-------+----------+-------------------------------------------
     0 | D:1      | KristoblXynda the Naga Gladiator began the quest for the Orb.
     0 | D:1      | Reached XP level 1. HP: 19/19 MP: 1/1
   111 | D:1      | Reached XP level 2. HP: 26/26 MP: 2/2
   255 | D:1      | Found a shimmering altar of Xom.
   293 | D:1      | Reached XP level 3. HP: 28/32 MP: 3/3
   726 | D:1      | Reached skill level 1 in Stealth
  1019 | D:2      | Found a sacrificial altar of Ru.
  1059 | D:2      | Reached XP level 4. HP: 39/39 MP: 4/4
  1550 | D:3      | Found a snail-covered altar of Cheibriados.
  1583 | D:3      | Reached skill level 1 in Armour
  1583 | D:3      | Reached XP level 5. HP: 45/45 MP: 5/5
  1829 | D:3      | Found a faded altar of an unknown god.
  2008 | D:3      | Reached skill level 4 in Maces & Flails
  2344 | D:3      | Found a stormy altar of Qazlal.
  2354 | D:3      | Became a worshipper of Qazlal Stormbringer
  2444 | D:4      | Found a staircase to the Ecumenical Temple.
  2462 | Temple   | Entered the Ecumenical Temple
  2584 | D:4      | Noticed a phantom
  2600 | D:4      | Killed a phantom
  2600 | D:4      | Reached XP level 6. HP: 47/55 MP: 6/6
  3338 | D:5      | Entered Level 5 of the Dungeon
  3400 | D:5      | Found a runed door.
  3411 | D:5      | Reached XP level 7. HP: 57/62 MP: 7/7
  3685 | D:5      | Reached skill level 1 in Invocations
  3885 | D:5      | Reached skill level 5 in Maces & Flails
  4256 | D:5      | Found a runed door.
  4259 | D:5      | Noticed a soldier ant
  4271 | D:5      | Reached * piety under Qazlal
  4281 | D:5      | Reached XP level 8. HP: 40/69 MP: 9/9
  5005 | D:6      | HP: 2/69 [gnoll/spear (3)]
  5161 | D:6      | Reached skill level 6 in Maces & Flails
  5161 | D:6      | Reached skill level 5 in Dodging
  5890 | D:6      | Noticed Sigmund
  5899 | D:6      | Killed Sigmund
  5899 | D:6      | Reached XP level 9. HP: 51/78 MP: 12/12
  5946 | D:6      | Noticed Duvessa
  5946 | D:6      | Noticed Dowan
  5994 | D:6      | Killed Duvessa
  6318 | D:6      | Killed Dowan
  6616 | D:7      | Reached skill level 5 in Invocations
  6985 | D:7      | Found a shimmering altar of Xom.
  6986 | D:7      | Found a radiant altar of Vehumet.
  6997 | D:7      | Found a bloodstained altar of Trog.
  7103 | D:7      | Reached skill level 7 in Maces & Flails
  7409 | D:7      | Found Magriz's General Store.
  7435 | D:7      | Bought a cursed ring of teleportation for 54 gold pieces
  7435 | D:7      | Bought a scroll of identify for 24 gold pieces
  7439 | D:7      | Reached ** piety under Qazlal
  7439 | D:7      | Reached skill level 5 in Armour
  7572 | D:7      | Found an ornate altar of the Wu Jian Council.
  7843 | D:7      | Reached skill level 5 in Fighting
  8065 | D:7      | Reached XP level 10. HP: 66/88 MP: 14/14
  8546 | D:8      | Reached skill level 1 in Evocations
  8620 | D:8      | Reached skill level 8 in Maces & Flails
  9398 | D:8      | Found a glowing silver altar of Zin.
  9398 | D:8      | Found a white marble altar of Elyvilon.
  9405 | D:8      | Found a glowing golden altar of the Shining One.
 10073 | D:9      | Reached *** piety under Qazlal
 10168 | D:9      | Found a staircase to the Orcish Mines.
 10199 | D:9      | HP: 3/136 [yak (10)]
 10201 | D:9      | Mangled by a yak

Vault maps used:
D:1:      lightli_arrival_maybe_door_vault, xom_teletrap_fun
D:2:      lemuel_crystal_altar
D:3:      nicolae_qazlal_eye_of_the_storm, kennysheep_slug_shrine,
          chequers_ecumenical_altar_simple_redux
D:4:      minmay_temple_entry_glassed_door, kennysheep_small_square
D:5:      lemuel_insect_pit, first_ration
D:6:      uniq_sigmund, uniq_duvessa
D:7:      lemuel_doored_altar, nicolae_overflow_hidden_temple, serial_shops,
          nicolae_shop_waterfront, grunt_livestock
D:8:      kennysheep_seaside_town, good_gods_temple_1, kennysheep_nondescript,
          uniq_joseph
D:9:      kennysheep_orc_monster_closet_entryway
Temple:   nicolae_temple_hex_pool

Skill      XL: |  1  2  3  4  5  6  7  8  9 10 |
---------------+-------------------------------+-----
Throwing       | 2 |  2.3
Stealth        | 1 2 3 |  3.1
Dodging        | 3 4 5 |  5.0
Armour         | 1 2 3 4 5 6 |  6.4
Maces & Flails | 4 5 6 7 8 |  8.7
Fighting       | 3 5 6 |  6.0
Invocations    | 2 4 6 7 |  7.8
Evocations     | 3 |  3.5

Action                   |  1- 3 |  4- 6 |  7- 9 | 10-12 || total
-------------------------+-------+-------+-------+-------++-------
Melee: Flail             |    15 |       |       |       ||    15
       Whip              |    67 |   126 |   327 |   309 ||   829
 Abil: Spit Poison       |     2 |     6 |    16 |     8 ||    32
Evoke: Wand              |       |       |    24 |     1 ||    25
  Use: Scroll            |       |     9 |    13 |     3 ||    25
       Potion            |       |       |     6 |     2 ||     8
 Stab: Sleeping          |       |     2 |       |       ||     2
       Invisible         |       |       |    12 |       ||    12
  Eat: Chunk             |       |     6 |     4 |     2 ||    12
       Ration            |       |     1 |     2 |     1 ||     4
Armor: Leather armour    |    21 |    27 |       |       ||    48
       Ring mail         |       |    38 |   128 |    75 ||   241
       Skin              |       |       |    18 |     9 ||    27
Dodge: Dodged            |    52 |    90 |   207 |    95 ||   444
Block: Other             |       |       |    21 |    28 ||    49

Table legend:
 A = Spawn XP
 B = Non-spawn XP
 C = Spawn XP percentage of total XP
 D = Spawn monster count
 E = Non-spawn monster count
 F = Spawn count percentage of total count
 G = Total turns spent on level
                    A         B        C        D         E        F      G
               +---------+---------+-------+---------+---------+-------+---------
         Total |       0 |    9076 |   0.0 |       0 |     252 |   0.0 | 10201
               +---------+---------+-------+---------+---------+-------+---------
           D:1 |       0 |      58 |   0.0 |       0 |      32 |   0.0 |   817
           D:2 |       0 |      47 |   0.0 |       0 |      13 |   0.0 |   428
           D:3 |       0 |     141 |   0.0 |       0 |      23 |   0.0 |  1160
           D:4 |       0 |     370 |   0.0 |       0 |      16 |   0.0 |   850
           D:5 |       0 |     896 |   0.0 |       0 |      20 |   0.0 |  1222
           D:6 |       0 |    1233 |   0.0 |       0 |      29 |   0.0 |  2026
           D:7 |       0 |    2412 |   0.0 |       0 |      47 |   0.0 |  1587
           D:8 |       0 |    1785 |   0.0 |       0 |      36 |   0.0 |  1391
           D:9 |       0 |    2134 |   0.0 |       0 |      36 |   0.0 |   637
               +---------+---------+-------+---------+---------+-------+---------
